 Dungeon Sprint DCSS version 0.21-a0-414-gba8bdf1 (webtiles) character file.

970 Kidiri the Blocker (level 8, -4/55 HPs)
             Began as a Gargoyle Fighter on Nov 2, 2017.
             Was a Believer of Okawaru.
             Killed from afar by an efreet (13 damage)
             ... with a bolt of fire
             ... in the Dungeon (Sprint IX: "|||||||||||||||||||||||||||||").
             The game lasted 00:02:20 (495 turns).

Kidiri the Blocker (Gargoyle Fighter)                Turns: 495, Time: 00:02:21

Health: -4/55      AC: 21    Str: 24    XL:     8   Next: 16%
Magic:  8/11       EV: 12    Int: 12    God:    Okawaru [**....]
Gold:   0          SH: 14    Dex: 10    Spells: 7/7 levels left

rFire    . . .     SeeInvis .   x - +2 morningstar (holy)
rCold    . . .     Gourm    .   c - +0 shield
rNeg     + . .     Faith    .   s - +1 chain mail
rPois    ∞         Spirit   .   (no helmet)
rElec    +         Reflect  .   (no cloak)
rCorr    .         Harm     .   t - +0 pair of gloves
MR       .....     NoTele   +   (no boots)
Stlth    +.........             (no amulet)
HPRegen  0.18/turn              q - +3 ring of intelligence
MPRegen  0.12/turn              r - +3 ring of strength

@: heroism
A: negative energy resistance 1, electricity resistance, unbreathing,
petrification resistance, rot immunity, AC +5
a: Heroism, Renounce Religion


You were in the Dungeon.
You worshipped Okawaru.
Okawaru was pleased with you.
You were not hungry.

You visited 1 branch

Inventory:

Hand Weapons
 b - a +0 shortbow
 u - a +0 short sword
 x - a +2 morningstar of holy wrath (weapon)
Missiles
 l - 25 arrows
Armour
 c - a +0 shield (worn)
 s - a +1 chain mail (worn)
 t - a +0 pair of gloves (worn)
 v - a +0 robe
Jewellery
 q - a +3 ring of intelligence (left hand)
 r - a +3 ring of strength (right hand)
Wands
 p - a wand of lightning (7/15)
Scrolls
 k - 2 scrolls of blinking
 n - 3 scrolls of remove curse
 o - 2 scrolls of amnesia
Potions
 d - a potion of might
 e - a potion of invisibility
 g - a potion of heal wounds
 h - a potion of haste
 i - 4 potions of magic
 j - a potion of berserk rage
 m - 4 potions of curing
Comestibles
 a - 9 chunks of flesh
 f - a bread ration


   Skills:
 * Level 8.4(13.4) Fighting
 * Level 8.2(13.2) Maces & Flails
 + Level 3.6(8.6) Throwing
 * Level 8.7(13.7) Armour
 + Level 3.6(8.6) Dodging
 + Level 4.4(9.4) Stealth
 * Level 9.5(14.5) Shields
 + Level 4.1 Invocations


You had 7 spell levels left.
You didn't know any spells.

Dungeon Overview and Level Annotations

Branches:
Dungeon (1/1)

Altars:
Cheibriados
Dithmenos
Elyvilon
Fedhas
Gozag
Hepliaklqana
Kikubaaqudgha
Makhleb
Nemelex Xobeh
Okawaru
Qazlal
Ru
Sif Muna
Trog
Uskayaw
Vehumet
Wu Jian
Xom
Yredelemnul
Zin
The Shining One
Beogh
Jiyva
Lugonu


Innate Abilities, Weirdness & Mutations

You are resistant to torment.
Your stone body is resilient. (AC +5)
You are immune to poison.
You resist negative energy. (rN+)
You are resistant to electric shocks. (rElec)
You can survive without breathing.
You are immune to petrification.
You are immune to rotting.


Message History

The efreet gestures at you.
The fireball explodes!
The fireball engulfs the efreet.
The efreet completely resists.
The fireball engulfs the efreet.
The efreet completely resists.
The fireball engulfs you!
* * * LOW HITPOINT WARNING * * *
You feel much better. The efreet gestures at you.
The fireball explodes!
The fireball engulfs you!
* * * LOW HITPOINT WARNING * * *
The fireball engulfs the efreet.
The efreet completely resists.
Unknown command.
You feel much better. The efreet gestures at you.
The fireball explodes!
The fireball engulfs you!
* * * LOW HITPOINT WARNING * * *
The fireball engulfs the efreet.
The efreet completely resists.
The efreet gestures at you.
The bolt of fire hits the efreet.
The efreet completely resists.
The bolt of fire hits you!
You die... ▓▓▓▓▓▓▓▓▓▓▓▓▓▓▓▓▓▓▓▓▓▓▓ +.yORR@'......÷........ ▓▓▓▓▓▓▓▓▓▓▓▓▓▓▓▓▓▓▓▓▓▓▓

You could see a two-headed ogre, 2 efreet and a vampire mosquito.

Vanquished Creatures
  2 hippogriffs (D)
  A shadow (D)
  A yak (D)
  An ogre (D)
  A centaur (D)
  A wight (D)
  2 crimson imps (D)
  A worker ant (D)
  An adder (D)
  2 giant cockroaches (D)
  A goblin (D)
  A quokka (D)
  A frilled lizard (D)
  2 rats (D)
18 creatures vanquished.

Notes
Turn   | Place    | Note
-------+----------+-------------------------------------------
     0 | D        | Kidiri the Gargoyle Fighter began the quest for the Orb.
     0 | D        | Reached XP level 1. HP: 14/14 MP: 1/1
    18 | D        | Reached skill level 4 in Shields
    43 | D        | Noticed a worker ant
    43 | D        | Noticed a crimson imp
    43 | D        | Noticed an ogre
    48 | D        | Reached XP level 2. HP: 20/20 MP: 2/2
    61 | D        | Killed an ogre
    61 | D        | Reached skill level 5 in Fighting
    61 | D        | Reached skill level 5 in Armour
    61 | D        | Reached skill level 1 in Dodging
    61 | D        | Reached skill level 6 in Shields
    61 | D        | Reached XP level 3. HP: 13/26 MP: 3/3
    61 | D        | Reached XP level 4. HP: 16/31 MP: 4/4
    70 | D        | Reached skill level 5 in Maces & Flails
    70 | D        | Reached XP level 5. HP: 19/35 MP: 5/5
    78 | D        | Reached skill level 7 in Shields
   111 | D        | Found a roughly hewn altar of Beogh.
   111 | D        | Found a snail-covered altar of Cheibriados.
   111 | D        | Found a shadowy altar of Dithmenos.
   111 | D        | Found a white marble altar of Elyvilon.
   111 | D        | Found a blossoming altar of Fedhas.
   111 | D        | Found an opulent altar of Gozag.
   112 | D        | Found a hazy altar of Hepliaklqana.
   113 | D        | Found a viscous altar of Jiyva.
   114 | D        | Found an ancient bone altar of Kikubaaqudgha.
   115 | D        | Found a corrupted altar of Lugonu.
   116 | D        | Found a burning altar of Makhleb.
   117 | D        | Found a sparkling altar of Nemelex Xobeh.
   118 | D        | Found an iron altar of Okawaru.
   119 | D        | Found a stormy altar of Qazlal.
   120 | D        | Found a sacrificial altar of Ru.
   121 | D        | Found a deep blue altar of Sif Muna.
   122 | D        | Found a bloodstained altar of Trog.
   123 | D        | Found a hide-covered altar of Uskayaw.
   124 | D        | Found a radiant altar of Vehumet.
   125 | D        | Found an ornate altar of the Wu Jian Council.
   126 | D        | Became a worshipper of Warmaster Okawaru
   127 | D        | Found a shimmering altar of Xom.
   128 | D        | Found a basalt altar of Yredelemnul.
   129 | D        | Found a glowing silver altar of Zin.
   130 | D        | Found a glowing golden altar of the Shining One.
   286 | D        | Noticed a centaur
   286 | D        | Noticed a hippogriff
   286 | D        | Noticed a hippogriff
   293 | D        | Reached skill level 1 in Stealth
   295 | D        | Killed a hippogriff
   295 | D        | Reached skill level 8 in Shields
   295 | D        | Reached XP level 6. HP: 31/44 MP: 5/7
   303 | D        | Killed a hippogriff
   303 | D        | Reached * piety under Okawaru
   303 | D        | Reached XP level 7. HP: 24/48 MP: 5/9
   313 | D        | Reached skill level 9 in Shields
   482 | D        | Noticed a vampire mosquito
   482 | D        | Noticed a two-headed ogre
   482 | D        | Noticed an efreet
   482 | D        | Noticed an efreet
   482 | D        | Noticed a yak
   482 | D        | Noticed a shadow
   483 | D        | Killed a shadow
   487 | D        | Killed a yak
   487 | D        | Reached ** piety under Okawaru
   487 | D        | Reached XP level 8. HP: 46/55 MP: 7/11
   495 | D        | Killed from afar by an efreet

Vault maps used:
D:        linesprint

Skill      XL: |  1  2  3  4  5  6  7 |
---------------+----------------------+-----
Shields        | 4 6 8 9 |  9.5
Armour         | 4 5 6 7 8 |  8.7
Fighting       | 5 7 8 |  8.4
Maces & Flails | 4 5 6 7 8 |  8.2
Dodging        | 1 2 3 |  3.6
Stealth        | 2 3 4 |  4.4
Throwing       | 2 3 |  3.6
Invocations    | 2 3 4 |  4.1

Action                   |  1- 3 |  4- 6 |  7- 9 || total
-------------------------+-------+-------+-------++-------
Melee: Flail             |    36 |    14 |       ||    50
       Morningstar       |       |    17 |    18 ||    35
Invok: Heroism           |       |       |     1 ||     1
  Use: Potion            |     1 |       |     2 ||     3
Armor: Scale mail        |     9 |     3 |       ||    12
       Chain mail        |       |    25 |     4 ||    29
Dodge: Dodged            |    12 |    10 |     6 ||    28
Block: Shield            |    20 |    32 |     7 ||    59

Table legend:
 A = Spawn XP
 B = Non-spawn XP
 C = Spawn XP percentage of total XP
 D = Spawn monster count
 E = Non-spawn monster count
 F = Spawn count percentage of total count
 G = Total turns spent on level
                    A         B        C        D         E        F      G
               +---------+---------+-------+---------+---------+-------+---------
         Total |       0 |    1387 |   0.0 |       0 |      18 |   0.0 |   495
               +---------+---------+-------+---------+---------+-------+---------
             D |       0 |    1387 |   0.0 |       0 |      18 |   0.0 |   495
               +---------+---------+-------+---------+---------+-------+---------
